 Dungeon Crawl Stone Soup version 0.22.1-6-g1668fe2 (webtiles) character file.

992 senseless the Cudgeler (level 7, -1/53 HPs)
             Began as a Demonspawn Gladiator on Jan 17, 2019.
             Was a Believer of Trog.
             Slain by a white imp (2 damage)
             ... summoned by Eustachio
             ... on level 5 of the Dungeon.
             The game lasted 00:22:31 (4372 turns).

senseless the Cudgeler (Demonspawn Gladiator)       Turns: 4372, Time: 00:22:31

Health: -1/53      AC:  8    Str: 17      XL:     7   Next: 98%
Magic:  7/7        EV: 12    Int:  9      God:    Trog [**....]
Gold:   184        SH:  4    Dex: 13 (14) Spells: 6/6 levels left

rFire    . . .     SeeInvis .   a - +1 flail
rCold    . . .     Gourm    .   i - +0 buckler
rNeg     . . .     Faith    +   u - +0 ring mail {rPois}
rPois    +         Spirit   .   c - +1 helmet
rElec    .         Reflect  .   (no cloak)
rCorr    .         Harm     .   (no gloves)
MR       .....                  (no boots)
Stlth    +.........             p - amulet of faith
HPRegen  0.17/turn              (no ring)
MPRegen  0.10/turn              (no ring)

@: berserk cooldown, slowed, very slow
A: talons 1, powered by pain 1, rot immunity
a: Berserk, Trog's Hand, Renounce Religion


You were on level 5 of the Dungeon.
You worshipped Trog.
Trog was pleased with you.
You were not hungry.

You visited 1 branch of the dungeon, and saw 5 of its levels.

You collected 184 gold pieces.

Inventory:

Hand Weapons
 a - a +1 flail (weapon)
 b - a +2 dagger of draining
 e - a +0 falchion of electrocution
 l - a cursed -2 hand axe
 w - a +0 flail of holy wrath
Missiles
 d - 3 throwing nets (quivered)
Armour
 c - a +1 helmet (worn)
 i - a +0 buckler (worn)
 n - a +0 scale mail
 q - a +0 chain mail
 r - a +0 helmet
 t - a +0 shield
 u - a +0 ring mail of poison resistance (worn)
Jewellery
 m - an uncursed amulet of guardian spirit {unknown}
 p - an amulet of faith (around neck)
Scrolls
 g - 4 scrolls of identify
 j - 3 scrolls of teleportation
 o - 2 scrolls of remove curse
 v - 3 scrolls of fog {unknown}
 x - 2 scrolls of amnesia {unknown}
 y - a scroll of enchant weapon
 A - a scroll of immolation {unknown}
Potions
 h - 2 potions of flight
 k - a potion of cancellation {unknown}
 s - 3 potions of heal wounds {unknown}
Comestibles
 f - 18 rations


   Skills:
 + Level 3.8 Fighting
 + Level 5.8 Maces & Flails
 + Level 1.9 Throwing
 + Level 4.3 Armour
 + Level 3.6 Dodging
 + Level 1.8 Stealth
 + Level 1.5 Shields


You had 6 spell levels left.
You didn't know any spells.
Your spell library contained the following spells:

 Spells                   Type           Power        Failure   Level  Hunger
 Beastly Appendage        Tmut           #.....       69%         1    ##.....
 Flame Tongue             Conj/Fire      #....        69%         1    ##.....
 Sticks to Snakes         Tmut           #.......     83%         2    ###....
 Throw Flame              Conj/Fire      #.....       83%         2    ###....
 Conjure Flame            Conj/Fire      #.......     96%         3    ####...
 Inner Flame              Hex/Fire       #.......     96%         3    ####...
 Spider Form              Tmut/Pois      #.........   96%         3    ####...
 Ice Form                 Ice/Tmut       #.......     100%        4    #####..
 Sticky Flame             Conj/Fire      #.......     100%        4    #####..
 Blade Hands              Tmut           #.........   100%        5    ######.
 Fireball                 Conj/Fire      #.........   100%        5    ######.


Dungeon Overview and Level Annotations

Branches:
Dungeon (5/15)
 Temple: D:4-7

Altars:
Elyvilon
Nemelex Xobeh
Okawaru
Trog
The Shining One

Shops:
D:5 :

Annotations:
D:5 Eustachio


Innate Abilities, Weirdness & Mutations

You have sharp toenails.
You sometimes gain a little power by taking damage.
You are immune to rotting.


Message History

Your unstable footing causes you to fumble your attack.
The bat hits the plant but does no damage.
The bat hits the plant.
The bat hits the plant but does no damage.
You block the river rat's attack. The river rat bites you.
* * * LOW HITPOINT WARNING * * *
The quokka splashes around in the water.
The bat hits the plant but does no damage.
The white imp hits you.
* * * LOW HITPOINT WARNING * * *
The white imp freezes you.
* * * LOW HITPOINT WARNING * * *
Eustachio closely misses you. The river rat closely misses you.
The river rat bites you but does no damage.
The quokka bites you but does no damage.
The bat hits the plant but does no damage.
Your unstable footing causes you to fumble your attack.
The bat hits the plant but does no damage. x3
The white imp hits you.
You die...

......♣♣ P≈.. ..####
≈≈..≈≈≈P≈≈≈♣ #..#
♣P≈...P≈≈≈≈P♣ ##.#
♣♣≈P..≈≈P≈≈≈≈♣ P..#
♣≈≈....≈≈≈≈≈≈♣ P
♣≈≈≈...P≈≈≈≈≈♣ ♣≈PP.#
♣≈≈≈...P≈≈≈P≈# ≈≈≈P≈#
♣≈≈...P≈≈P≈# ♣≈≈≈P#
#≈...≈≈r@@♣
≈♣≈PP#####...≈Prr5♣
≈≈P.P........♣bP≈♣♣
≈PP≈.........≈≈≈≈≈#
P#...........♣≈≈≈♣#
###.........##♣≈≈##
..#.........##.♣..###
............####....####
.#........>.# #.##..(.#


You could see Eustachio, 2 river rats, a white imp, a quokka and a bat.

Vanquished Creatures
  Sigmund (D:4)
  Edmund (D:4)
  A water moccasin (D:5)
  An orc warrior (D:4)
  A centaur (D:5)
  A bullfrog (D:3)
  A howler monkey (D:4)
  A quasit (D:5)
  2 hounds (D:4)
  2 orc wizards (D:4)
  2 worker ants (D:4)
  A hound skeleton (D:2)
  4 adders (D:3)
  A shadow imp (D:5)
  An adder skeleton (D:4)
  2 worms
  A dart slug (D:1)
  4 leopard geckos
  10 orcs
  2 ball pythons
  4 giant cockroaches
  6 goblins
  3 hobgoblins
  2 jackals (D:2)
  8 kobolds
  A quokka (D:4)
  8 bats
  4 frilled lizards
  A goblin zombie (D:5)
  3 hobgoblin zombies (D:5)
  2 jackal skeletons (D:4)
  A jackal zombie (D:4)
  3 kobold skeletons (D:5)
  A kobold zombie (D:5)
  An orc skeleton (D:5)
  2 orc zombies (D:5)
  2 rats
92 creatures vanquished.

Vanquished Creatures (others)
  A plant (D:5)
1 creature vanquished.

Grand Total: 93 creatures vanquished

Notes
Turn   | Place    | Note
-------+----------+-------------------------------------------
     0 | D:1      | senseless the Demonspawn Gladiator began the quest for the
                  | Orb.
     0 | D:1      | Reached XP level 1. HP: 16/16 MP: 1/1
   300 | D:1      | Reached skill level 3 in Maces & Flails
   439 | D:1      | Gained mutation: You have sharp toenails. [demonic
                  | ancestry]
   439 | D:1      | Reached XP level 2. HP: 22/22 MP: 2/2
   878 | D:2      | Reached XP level 3. HP: 25/27 MP: 3/3
  1090 | D:2      | Found a sparkling altar of Nemelex Xobeh.
  1595 | D:3      | Reached skill level 1 in Armour
  1595 | D:3      | Gained mutation: You are immune to rotting. [demonic
                  | ancestry]
  1595 | D:3      | Reached XP level 4. HP: 26/33 MP: 4/4
  1729 | D:3      | Found a white marble altar of Elyvilon.
  1879 | D:3      | Found a transporter.
  1879 | D:3      | Noticed a bullfrog
  1883 | D:3      | Found a transporter.
  1900 | D:3      | Found an iron altar of Okawaru.
  1901 | D:3      | Found a white marble altar of Elyvilon.
  1919 | D:3      | HP: 1/33 [bullfrog (2)]
  1932 | D:3      | Killed a bullfrog
  1932 | D:3      | Reached skill level 4 in Maces & Flails
  1932 | D:3      | Reached XP level 5. HP: 18/39 MP: 5/5
  2189 | D:3      | Found a faded altar of an unknown god.
  2207 | D:3      | Became a worshipper of Trog the Wrathful
  2207 | D:3      | Reached * piety under Trog
  2350 | D:4      | Noticed an orc warrior
  2359 | D:4      | Killed an orc warrior
  2359 | D:4      | Gained mutation: You sometimes gain a little power by
                  | taking damage. [demonic ancestry]
  2359 | D:4      | Reached XP level 6. HP: 46/46 MP: 6/6
  2407 | D:4      | Reached skill level 1 in Shields
  2552 | D:4      | Noticed Edmund
  2553 | D:4      | Noticed Sigmund
  2560 | D:4      | Killed Edmund
  2563 | D:4      | Killed Sigmund
  2563 | D:4      | Reached skill level 5 in Maces & Flails
  2563 | D:4      | Reached skill level 1 in Stealth
  2563 | D:4      | Reached XP level 7. HP: 46/52 MP: 7/7
  2659 | D:4      | Reached ** piety under Trog
  3208 | D:5      | Entered Level 5 of the Dungeon
  3488 | D:5      | Found a glowing golden altar of the Shining One.
  3613 | D:5      | Found Nar Rish's Book Emporium.
  3660 | D:5      | Noticed Eustachio
  4371 | D:5      | HP: 1/53 [white imp[Eustachio] (3)]
  4372 | D:5      | Slain by a white imp

Skill      XL: |  1  2  3  4  5  6  7 |
---------------+----------------------+-----
Maces & Flails | 3 4 5 |  5.8
Dodging        | 3 |  3.6
Armour         | 1 2 3 4 |  4.3
Shields        | 1 |  1.5
Fighting       | 3 |  3.8
Stealth        | 1 |  1.8
Throwing       | |  1.9

Action                   |  1- 3 |  4- 6 |  7- 9 || total
-------------------------+-------+-------+-------++-------
Melee: Flail             |   108 |    77 |   195 ||   380
       Kick              |    25 |    25 |    43 ||    93
Throw: Throwing net      |       |     1 |       ||     1
Invok: Berserk           |       |     2 |     1 ||     3
  Use: Scroll            |     7 |       |       ||     7
       Potion            |     3 |     3 |       ||     6
 Stab: Held in net/web   |       |     2 |       ||     2
  Eat: Ration            |     1 |       |     1 ||     2
       Chunk             |       |     3 |     4 ||     7
Armor: Leather armour    |     6 |       |       ||     6
       Chain mail        |    67 |    46 |    22 ||   135
       Ring mail         |       |       |    99 ||    99
Dodge: Dodged            |    51 |    37 |   177 ||   265
Block: Buckler           |    13 |    15 |    46 ||    74
